 Dungeon Crawl Stone Soup version 0.26.1-2-gb8aa6d0cf2 (webtiles) character file.

Game seed: 15177838395873295880

212 Goblin1989 the Sneak (level 5, -5/41 HPs)
             Began as a Demonspawn Delver on Feb 16, 2021.
             Was a Believer of Cheibriados.
             Slain by a centaur
             ... wielding a +0 quarterstaff
              (13 damage)
             ... on level 3 of the Dungeon.
             The game lasted 00:07:59 (3190 turns).

Goblin1989 the Sneak (Demonspawn Delver)            Turns: 3190, Time: 00:08:00

Health: -5/41      AC:  7    Str: 20    XL:     5   Next: 58%
Magic:  6/6        EV:  8    Int: 17    God:    Cheibriados [**....]
Gold:   99         SH:  8    Dex: 20    Spells: 4/4 levels left

rFire    . . .     SeeInvis .   O - +0 morningstar
rCold    . . .     Faith    .   P - +0 kite shield (curse)
rNeg     . . .     Spirit   .   L - +0 scale mail
rPois    .         Reflect  .   (helmet restricted)
rElec    .         Harm     .   (no cloak)
rCorr    .         Rampage  .   (no gloves)
Will     .....                  N - +0 pair of boots
Stlth    ++........             (no amulet)
HPRegen  0.13/turn              (no ring)
MPRegen  0.10/turn              (no ring)

@: very slow
A: claws 2, horns 1, talons 1
a: Renounce Religion, Bend Time


You were on level 3 of the Dungeon.
You worshipped Cheibriados.
Cheibriados was pleased with you.
You visited 2 branches of the dungeon, and saw 6 of its levels.

You collected 99 gold pieces.

Inventory:

Hand Weapons
 a - a +0 mace
 O - a +0 morningstar (weapon)
Missiles
 K - 6 atropa-tipped darts (quivered)
Armour
 b - a +0 leather armour
 L - a +0 scale mail (worn)
 N - a +0 pair of boots (worn)
 P - a cursed +0 kite shield (worn)
 U - a +0 chain mail
Jewellery
 Y - an uncursed ring of willpower {unknown}
Wands
 g - a wand of digging (3) {@v1}
Scrolls
 c - a scroll of fog
 M - 2 scrolls of magic mapping
 Q - a scroll of identify {unknown}
 S - a scroll of blinking {unknown}
 T - 2 scrolls of teleportation {!r, @r2}
 V - a scroll of enchant armour {unknown}
 W - a scroll of remove curse {unknown}
Potions
 R - 2 potions of brilliance
 X - a potion of curing {unknown}
 Z - a potion of attraction {unknown}


   Skills:
 + Level 3.4 Fighting
 * Level 3.9 Maces & Flails
 + Level 0.5 Throwing
 + Level 1.1 Armour
 + Level 2.2 Dodging
 - Level 4.5 Stealth
 + Level 0.5 Shields
 * Level 1.2 Unarmed Combat
 + Level 1.9 Invocations


You had 4 spell levels left.
You didn't know any spells.
Your spell library was empty.

Dungeon Overview and Level Annotations

Branches:
Dungeon (5/15)             Temple (1/1) D:4

Altars:
Cheibriados
Dithmenos
Elyvilon
Fedhas
Gozag
Hepliaklqana
Kikubaaqudgha
Makhleb
Okawaru
Qazlal
Ru
Sif Muna
Trog
Vehumet
Wu Jian
Xom
Yredelemnul
The Shining One


Innate Abilities, Weirdness & Mutations

You have very sharp fingernails.
You have a pair of small horns on your head.
You have sharp toenails.


Message History

You feel forgetful for a moment.
You feel sick.
The kobold hits you with a cursed +0 short sword.
The orc barely misses you. x2; The orc hits you.
You take 5 damage, and have 32/41 hp.
As you read the scroll labelled RICWER NOUSIXIME, it crumbles to dust.
You feel strangely unstable.
It was a scroll of teleportation.
T - 2 scrolls of teleportation;
O - a +0 morningstar (weapon)
The kobold hits you but does no damage. The orc hits you but does no damage.
The orc hits you with a +0 hand axe. The orc hits you but does no damage.
You take 1 damage, and have 31/41 hp.
You feel sick.
The orc throws a boomerang.
The boomerang barely misses you.
The weapon returns to the orc!
The kobold hits you but does no damage. You block the orc's attack.
You see here 2 poisoned darts.
You take 1 damage, and have 30/41 hp.
Your surroundings suddenly seem different.
You start resting.
You feel sick. x7
You are no longer poisoned.
You take 2 damage, and have 28/41 hp.
You start resting.
HP restored.
Health restored: 41 Saving game... please wait.
Cheibriados says: Become a hell wizard!
Welcome back, Goblin1989 the Demonspawn Delver.
Cheibriados says: Take it easy.
Press ? for a list of commands and other information.
An orc is nearby!
The orc shouts!
You thump the orc!
You kill the orc!
Cheibriados thoroughly appreciates the change of pace.
No target in view!
No target in view!
No target in view!
No target in view!
No target in view!
No target in view!
No target in view!
No target in view!
No target in view!
No target in view!
No target in view!
No target in view!
No target in view!
No target in view!
No target in view!
No target in view!
No target in view!
There is an open door here.
An orc is nearby!
The orc shouts!
You hear a shout!
The orc throws a boomerang.
The boomerang hits you.
The weapon returns to the orc!
The orc throws a boomerang.
The boomerang hits you.
The weapon returns to the orc!
You take 5 damage, and have 36/41 hp.
You start resting.
An orc is nearby!
The orc throws a boomerang.
The boomerang barely misses you.
The weapon returns to the orc!
The orc throws a boomerang.
You block the boomerang.
The weapon returns to the orc!
The orc throws a boomerang.
You block the boomerang.
The weapon returns to the orc!
The orc throws a boomerang.
You block the boomerang.
The weapon returns to the orc!
The orc shouts!
The orc hits you but does no damage. x2
You sock the orc!
You kill the orc!
Cheibriados appreciates the change of pace.
A centaur comes into view. It is wielding a +0 quarterstaff.
The centaur unwields a +0 quarterstaff.
The centaur wields a +0 shortbow.
The centaur shoots an arrow.
The arrow hits you.
You take 6 damage, and have 32/41 hp.
The centaur shoots an arrow.
The arrow hits you!
Things that are here:
an arrow; 3 boomerangs; an orc corpse You take 9 damage, and have 23/41 hp.
MASSIVE DAMAGE!!
You see here an arrow.
The orc hits you but does no damage.
You hit the orc but do no damage. You headbutt the orc, but do no damage.
You block the orc's attack.
You barely miss the orc. You headbutt the orc!
The orc is almost dead.
The orc hits you with a +0 war axe.
You take 1 damage, and have 23/41 hp.
You closely miss the orc. Your headbutt misses the orc.
The orc is almost dead.
You block the orc's attack.
There are monsters nearby!
You puncture the orc!
You kill the orc!
Cheibriados appreciates the change of pace.
The centaur unwields a +0 shortbow.
The centaur wields a +0 quarterstaff.
The centaur drinks a potion.
The centaur goes berserk!
You start resting.
The centaur hits you with a +0 quarterstaff!
* * * LOW HITPOINT WARNING * * *
The centaur hits you with a +0 quarterstaff!
You die...

.█ █.....█.█....█
.█████████.█)█.█.██...█
.........█.█[███.████.███
.........█.█...█.........
.........█<.(█.█.███████.█
.........███...█.........█ .█
.........∆.█.███.███████████.█
.........█.█.....c...........█.
.........█......@█(............
.........█████████.............
██████∆███ █.........../. █ █.█
█..=c......... █ █.█
█....(........ █ █.█
█.....(....█. █ █.█
█.....)....█ █ █.█
█............. █ █.█
...............


You could see a centaur (berserk).

Vanquished Creatures
  Terence (D:2)
  2 orc wizards (D:3)
  4 adders
  2 oozes
  A worm (D:2)
  2 dart slugs
  2 leopard geckos
  5 orcs (D:3)
  6 giant cockroaches
  6 goblins
  8 hobgoblins
  11 jackals
  4 kobolds
  A quokka (D:3)
  8 bats
  6 frilled lizards
  4 rats
73 creatures vanquished.

Notes
Turn   | Place    | Note
-------+----------+-------------------------------------------
     0 | D:5      | Goblin1989 the Demonspawn Delver began the quest for the
                  | Orb.
     0 | D:5      | Reached XP level 1. HP: 18/18 MP: 1/1
    56 | D:4      | Found a staircase to the Ecumenical Temple.
    62 | Temple   | Entered the Ecumenical Temple
   208 | Temple   | Became a worshipper of Cheibriados the Contemplative
   359 | D:3      | Noticed an orc wizard
   772 | D:1      | Gained mutation: You have a pair of small horns on your
                  | head. [demonic ancestry]
   772 | D:1      | Reached XP level 2. HP: 13/24 MP: 2/2
  1375 | D:1      | Reached * piety under Cheibriados
  1376 | D:1      | Gained mutation: You have sharp fingernails. [demonic
                  | ancestry]
  1376 | D:1      | Reached XP level 3. HP: 29/29 MP: 3/3
  1807 | D:2      | Noticed Terence
  1829 | D:2      | Killed Terence
  1830 | D:2      | Reached skill level 1 in Invocations
  1887 | D:2      | Found a shadowy altar of Dithmenos.
  1894 | D:2      | Gained mutation: You have very sharp fingernails. [demonic
                  | ancestry]
  1894 | D:2      | Reached XP level 4. HP: 35/35 MP: 4/4
  2194 | D:2      | Reached ** piety under Cheibriados
  2278 | D:2      | Found a hazy altar of Hepliaklqana.
  2606 | D:3      | Gained mutation: You have sharp toenails. [demonic
                  | ancestry]
  2606 | D:3      | Reached XP level 5. HP: 32/41 MP: 6/6
  2615 | D:3      | Reached skill level 1 in Armour
  2615 | D:3      | Reached skill level 1 in Unarmed Combat
  3180 | D:3      | Noticed a centaur
  3190 | D:3      | Slain by a centaur

Illustrated notes

Levels and vault maps discovered:
D:1:      dpeg_arrival_simpleton_a, layout_basic, minivault_26
D:2:      layout_rooms, nzn_hepliaklqana_mist_gate, serial_glass,
          glass_columns_a, glass_columns_a, nicolae_dithmenos_shadow_blocks,
          uniq_terence
D:3:      layout_basic
D:4:      minmay_octagon_keep, layout_cave_pods, minmay_temple_entry_arrows
D:5:      wander_river, layout_basic, amethyst_overflow_temple_binary,
          serial_shops, shop
Temple:   minmay_crystal_spiral_temple

Skill      XL: |  1  2  3  4  5 |
---------------+----------------+-----
Maces & Flails | 2 3 |  3.9
Invocations    | 1 |  1.9
Dodging        | 2 |  2.2
Armour         | 1 |  1.1
Unarmed Combat | 1 |  1.2
Fighting       | |  3.4
Throwing       | |  0.5
Stealth        | |  4.5
Shields        | |  0.5

Action                   |  1- 3 |  4- 6 || total
-------------------------+-------+-------++-------
Melee: Mace              |   102 |       ||   102
       Headbutt          |     6 |    20 ||    26
       Morningstar       |     2 |    95 ||    97
  Use: Potion            |     4 |     1 ||     5
       Scroll            |     1 |     2 ||     3
 Stab: Sleeping          |     3 |     1 ||     4
Armor: Leather armour    |    39 |       ||    39
       Skin              |    17 |       ||    17
       Chain mail        |     2 |    18 ||    20
       Scale mail        |       |    52 ||    52
Dodge: Dodged            |    86 |    59 ||   145
Block: Kite shield       |       |    56 ||    56
